AoeStats
← ccereal

Arena

510283122Analyzed
2v2 RM · 1d ago on Sep 30, 2026· 22m 8s· 4 players
Game mode
Random Map
Map size
Medium (4 player)
Population
200
Speed
Normal
Resources
Standard
Victory
Conquest
Starting age
Dark Age
Ending age
Imperial Age
RankedLock teamsTeams togetherTeam positionsShared explorationLock speedFull tech treeHidden civsTurbo modeCheats
Victory
Defeat
🇫🇷 Britons · France
1601
+13
🇫🇷 Gurjaras · France
1544
+15
🇪🇸 Berbers · Spain
1537
-14
🇧🇪 Dravidians · Belgium
1533
-14
Flow
11:29 Feudal Age
12:28 Double-Bit Axe
12:55 Horse Collar
15:25 Castle Age
14:38 Bloodlines
15:52 Forging
15:50 Scale Barding Armor
15:43 Light Cavalry
18:48 Scale Barding Armor
21:01 Wheelbarrow
21:57 Chain Barding Armor
Kilian
10:17 Feudal Age
8:33 Loom
8:44 Loom
14:18 Castle Age
12:43 Double-Bit Axe
13:18 Horse Collar
14:39 Gold Mining
15:05 Town Watch
15:42 Bow Saw
ccereal
6:59 Loom
8:59 Feudal Age
9:42 Double-Bit Axe
16:18 Castle Age
15:17 Fletching
15:28 Padded Archer Armor
16:23 Crossbowman
17:52 Bodkin Arrow
Flybidi
9:43 Feudal Age
11:28 Double-Bit Axe
14:10 Castle Age
12:34 Horse Collar
18:10 Bow Saw
Connection lost

Rejoining the realm…

Still unreachable

The connection could not be restored.

Session expired

The server has moved on; the page needs a fresh start.